 Dungeon Crawl Stone Soup version 0.27-a0-1248-g57ac2eb73c (webtiles) character file.

Game seed: 13103870639781510623

193205 Kinoniko the Slayer (level 18, -1/149 HPs)
             Began as a Hill Orc Berserker on June 10, 2021.
             Was the Champion of Trog.
             Slain by a tentacled starspawn (19 damage)
             ... on level 3 of the Abyss.
             The game lasted 00:56:32 (42857 turns).

Kinoniko the Slayer (Hill Orc Berserker)           Turns: 42857, Time: 00:56:32

Health: -1/149     AC: 32    Str: 32    XL:     18   Next: 71%
Magic:  0/14       EV: 11    Int: 15    God:    Trog [******]
Gold:   2807       SH:  7    Dex: 16    Spells: 17/17 levels left

rFire    . . .     SeeInvis .   V - +1 broad axe (spect)
rCold    + . .     Faith    .   i - +0 buckler of the Dragon {Will+ Int+4 Dex+2}
rNeg     . . .     Spirit   +   X - +11 chain mail of the Jolly Realms {Rampage rPois Dex+2}
rPois    +         Reflect  .   s - +2 helmet
rElec    .         Harm     .   a - +2 cloak {rPois}
rCorr    .         Rampage  +   n - +0 pair of gloves
Will     +++..                  (no boots)
Stlth    ..........             Q - amulet of guardian spirit
HPRegen  0.34/turn              e - ring of Yqoefoxu {rC+ Str+4 Int+4}
MPRegen  0.14/turn              w - ring of flight

@: on berserk cooldown, flying, slowed, constricted, studying Axes, very slow
A: agile 1, strong-willed 1, robust 1, [frail 3], [low mp 2]
a: Renounce Religion, Berserk, Trog's Hand, Brothers in Arms


You were on level 3 of the Abyss.
You worshipped Trog.
Trog was exalted by your worship.
You visited 5 branches of the dungeon, and saw 30 of its levels.
You visited the Abyss 1 time.
You also visited: Bailey and Gauntlet.

You collected 4551 gold pieces.
You spent 1744 gold pieces at shops.

Inventory:

Hand Weapons
 b - a +0 broad axe of freezing
 V - a +1 spectral broad axe (weapon)
Missiles
 f - 6 curare-tipped darts
 J - a throwing net
 P - 10 javelins
Armour
 a - a +2 cloak of poison resistance (worn)
 i - the +0 buckler of the Dragon (worn) {Will+ Int+4 Dex+2}
   (You bought it in a shop on level 2 of the Orcish Mines)

   It affects your intelligence (+4).
   It affects your dexterity (+2).
   It increases your willpower.
 n - a +0 pair of gloves (worn)
 s - a +2 helmet (worn)
 C - a +0 tower shield
 E - a +4 crystal plate armour
 M - the +1 helmet of Uskayaw's Inspiration {Int+4}
   (You found it in a Gauntlet)

   It affects your intelligence (+4).
 X - the +11 chain mail of the Jolly Realms (worn) {Rampage rPois Dex+2}
   (You bought it in a shop on level 2 of the Orcish Mines)

   It affects your dexterity (+2).
   It protects you from poison.
   It bestows one free step when moving towards enemies.
Jewellery
 e - the ring of Yqoefoxu (left hand) {rC+ Str+4 Int+4}
   (You bought it in a shop on level 2 of the Orcish Mines)

   [ring of protection from cold]

   It affects your strength (+4).
   It affects your intelligence (+4).
   It protects you from cold.
 k - an amulet of faith
 w - a ring of flight (right hand)
 H - a ring of willpower
 N - a ring of protection from fire
 Q - an amulet of guardian spirit (around neck)
 Y - a ring of protection from cold
Wands
 c - a wand of polymorph (32)
 j - a wand of paralysis (27)
 m - a wand of acid (16)
 u - a wand of flame (75)
 v - a wand of iceblast (42)
 I - a wand of charming (11)
 T - a wand of mindburst (7)
 Z - a wand of digging (6)
Scrolls
 l - a scroll of blinking
 p - 2 scrolls of identify
 x - 10 scrolls of fog
 y - 2 scrolls of torment
 A - 5 scrolls of fear
 D - 14 scrolls of teleportation
 F - 4 scrolls of holy word
 O - 2 scrolls of magic mapping
 S - a scroll of summoning
Potions
 d - 3 potions of might
 g - 2 potions of lignification
 h - 10 potions of heal wounds
 o - 11 potions of curing
 q - 2 potions of berserk rage
 r - a potion of mutation
 t - 3 potions of cancellation
 z - 2 potions of resistance
 B - 3 potions of attraction
 G - a potion of haste
 R - 4 potions of ambrosia
 U - a potion of magic
 W - a potion of invisibility
Miscellaneous
 L - a lightning rod (4/4)


   Skills:
 * Level 22.6 Fighting
 - Level 20.4 Axes
 + Level 14.0 Armour
 - Level 10.0 Dodging
 - Level 11.5 Shields
 * Level 11.4 Evocations


You had 17 spell levels left.
You didn't know any spells.
Your spell library contained the following spells:

 Spells                   Type           Power      Damage    Failure   Level
 Beastly Appendage        Tmut           0%         N/A       63%         1
 Freeze                   Ice            0%         1d3       63%         1
 Shock                    Conj/Air       0%         1d3       63%         1
 Summon Small Mammal      Summ           0%         N/A       63%         1
 Call Imp                 Summ           0%         N/A       77%         2
 Corpse Rot               Necr/Air       N/A        N/A       77%         2
 Poisonous Vapours        Pois/Air       0%         N/A       77%         2
 Static Discharge         Conj/Air       0%         N/A       77%         2
 Sublimation of Blood     Necr           0%         N/A       77%         2
 Wereblood                Tmut           0%         N/A       77%         2
 Call Canine Familiar     Summ           0%         N/A       94%         3
 Conjure Flame            Conj/Fire      0%         6-21      94%         3
 Frozen Ramparts          Ice            0%         1d2       94%         3
 Ignite Poison            Fire/Tmut/Pois 0%         N/A       94%         3
 Mephitic Cloud           Conj/Pois/Air  0%         N/A       94%         3
 Ozocubu's Armour         Ice            0%         N/A       94%         3
 Spider Form              Tmut/Pois      0%         N/A       94%         3
 Summon Guardian Golem    Hex/Summ       0%         N/A       94%         3
 Swiftness                Air            0%         N/A       94%         3
 Airstrike                Air            0%         N/A       100%        4
 Dispel Undead            Necr           0%         3d6       100%        4
 Hailstorm                Conj/Ice       0%         3d3       100%        4
 Ice Form                 Ice/Tmut       0%         N/A       100%        4
 Summon Ice Beast         Ice/Summ       0%         N/A       100%        4
 Summon Lightning Spire   Summ/Air       0%         N/A       100%        4
 Agony                    Necr           0%         N/A       100%        5
 Excruciating Wounds      Necr           0%         N/A       100%        5
 Fireball                 Conj/Fire      0%         3d3       100%        5
 Lightning Bolt           Conj/Air       0%         1d11      100%        5
 Metabolic Englaciation   Hex/Ice        0%         N/A       100%        5
 Silence                  Hex/Air        0%         N/A       100%        5
 Conjure Ball Lightning   Conj/Air       0%         3x3d6     100%        6
 Freezing Cloud           Conj/Ice/Air   0%         6-21      100%        6
 Starburst                Conj/Fire      0%         8x6d3     100%        6
 Storm Form               Tmut/Air       0%         N/A       100%        7
 Ignition                 Fire           0%         3d3       100%        8
 Tornado                  Air            0%         N/A       100%        9


Dungeon Overview and Level Annotations

Branches:
Dungeon (15/15)            Temple (0/1) D:4            Lair (6/6) D:9
  Swamp (4/4) Lair:4        Snake (3/4) Lair:2        Slime (0/5) Lair:6
    Orc (2/2) D:9             Elf (0/3) Orc:2        Vaults (0/5) D:13
 Depths (0/5) D:15         Bailey (visited)         Gauntlet (visited)

Altars:
Ashenzari
Elyvilon
Gozag
Hepliaklqana
Okawaru
Qazlal
Ru
Sif Muna
Uskayaw
Vehumet
Wu Jian
The Shining One
Beogh
Jiyva

Shops:
D:5 :   D:10 [   D:12 (   D:15 :   Orc:1 (   Orc:2 ==(*[   Snake:1 ?(

Annotations:
D:6 3 runed translucent doors, EnegeticOcto's ghost, weakling DDDe
Swamp:4 Louise
Abyss:3 1 transporter


Innate Abilities, Weirdness & Mutations

You are agile. (Dex +2)
You are strong-willed. (Will+)
You are robust. (+10% HP)
[You are extremely frail. (-30% HP)]
[Your magical capacity is very low. (-20% MP)]


Message History

You feel yourself moving faster!
You feel mighty!
The wretched star glows turbulently.
The lance of force hits you!
* * * LOW HITPOINT WARNING * * *
You are knocked back by the lance of force.
You feel a strong urge to attack something.
Unknown command.
You are too injured to fight recklessly!
Unknown command.
You are too injured to fight recklessly!
You are too injured to fight recklessly!
Unknown command.
Tentacles burst from the starspawn's body! 2 starspawn tentacles come into view.
You feel your anger nearly subside.
You are no longer berserk.
You are exhausted.
You feel yourself slow down.
The wretched star glows turbulently.
The lance of force misses you.
You slice the tentacled starspawn!!
The tentacled starspawn is moderately damaged.
Your spectral weapon barely misses the tentacled starspawn.
The tentacled starspawn bites you but does no damage.
The tentacled starspawn tentacle-slaps you.
You block the starspawn tentacle's attack.
The starspawn tentacle closely misses you.
The wretched star glows turbulently.
The lance of force hits you!
* * * LOW HITPOINT WARNING * * *
You are knocked back by the lance of force.
You slam into the rock wall!
You swap places.
The tentacled starspawn bites you but does no damage.
The tentacled starspawn tentacle-slaps you!
* * * LOW HITPOINT WARNING * * *
The starspawn tentacle closely misses you.
The starspawn tentacle grabs you.
* * * LOW HITPOINT WARNING * * *
The starspawn tentacle constricts you. The tentacled starspawn bites you!!
You die...

# .# ##### #...
#.. ....#
######.####).#
#......§@w"..#
..........wX...#
. #......(...#.#
. ##.####.*###.#
#.. ##.....#. ##
###...# .. #
#.....# .
#...... #.##.. #
###.†#......† #


You could see a tentacled starspawn, a wretched star and 2 starspawn tentacles.

Vanquished Creatures
  A tentacled monstrosity (Swamp:1)
  An Executioner (Abyss:3)
  Frances (Swamp:2)
  Kirke (D:12)
  A nagaraja (Snake:3)
  An emperor scorpion (shapeshifter) (D:15)
  A stone giant (Orc:2)
  2 bunyips (Swamp:1)
  Nessos (D:14)
  3 ettins (Orc:2)
  A minotaur (Gauntlet)
  4 eleionomae
  A great orb of eyes (D:15)
  Josephine (D:10)
  4 vault guards (D:13)
  A rakshasa (D:15)
  6 boulder beetles
  13 hydras
  A salamander tyrant (Snake:3)
  10 naga warriors
  A ghost crab (Swamp:2)
  9 centaur warriors
  A death knight (D:11)
  6 alligators
  4 two-headed ogres
  4 catoblepae
  A tengu warrior (D:14)
  10 death yaks (Lair:4)
  A death scarab (Gauntlet)
  5 shock serpents
  3 naga sharpshooters (Snake:3)
  8 spriggans
  A wretched star (Abyss:3)
  3 skeletal warriors
  A deep elf knight (D:14)
  3 goliath frogs
  2 salamander mystics
  7 swamp dragons
  2 spriggan druids (Swamp:3)
  2 glowing orange brains (Gauntlet)
  4 bog bodies
  A flayed ghost (D:14)
  2 obsidian statues
  2 naga ritualists (Snake:3)
  An orc knight (Orc:2)
  28 ugly things
  2 deep elf pyromancers (D:15)
  2 oklob plants (Lair:5)
  2 orc sorcerers
  5 mana vipers
  3 will-o-the-wisps (Swamp:3)
  A salamander (shapeshifter) (D:14)
  A worldbinder (Gauntlet)
  20 salamanders
  16 cyclopes
  11 elephants
  11 naga magi
  An apocalypse crab (Abyss:3)
  28 black mambas
  2 torpor snails (Lair:6)
  Maurice (D:8)
  An orange demon (Abyss:3)
  2 gargoyles
  2 guardian serpents (Snake:3)
  26 cane toads
  An unseen horror (D:11)
  2 rime drakes (Lair:5)
  7 komodo dragons
  A yaktaur (shapeshifter) (D:14)
  An efreet (D:14)
  3 kobold demonologists (D:13)
  A tengu conjurer (D:15)
  2 freezing wraiths
  A bloated husk (Swamp:3)
  5 polar bears
  8 meliai (D:14)
  A queen bee (shapeshifter) (D:14)
  7 trolls
  6 hornets
  A queen bee (D:14)
  11 tyrant leeches
  9 dream sheep
  3 raiju (Abyss:3)
  14 slime creatures
  37 blink frogs
  A centaur simulacrum (D:14)
  A flying skull (Abyss:3)
  3 large abominations (Abyss:3)
  A vampire (D:12)
  7 wraiths
  3 hogs (D:12)
  39 yaks
  2 ynoxinuls (Abyss:3)
  2 shadows
  A spectral komodo dragon (Gauntlet)
  7 basilisks
  22 vampire mosquitoes
  A steam dragon (D:8)
  Grum (D:8)
  2 neqoxecs (Abyss:3)
  8 swamp worms
  A warg (Orc:1)
  18 nagas
  12 water moccasins
  A floating eye (shapeshifter) (D:14)
  4 swamp drakes
  4 sky beasts
  23 orc warriors
  A meliai simulacrum (D:14)
  The ghost of philipeq the Skirmisher, an amateur DsFi (D:3)
  A necrophage (D:6)
  9 ogres
  2 boggarts (Gauntlet)
  16 centaurs
  15 wolves
  9 kobold brigands
  3 small abominations (Abyss:3)
  27 bullfrogs
  A wyvern zombie (D:6)
  3 scorpions
  20 killer bees
  A killer bee (shapeshifter) (D:14)
  8 electric eels
  3 howler monkeys
  4 lava snakes (Snake:1)
  A crimson imp (D:13)
  A jelly (D:6)
  A quasit (D:13)
  4 centaur zombies
  A hound (D:5)
  A centaur skeleton (D:6)
  17 orc priests
  A gnoll shaman (D:6)
  An iron imp (D:13)
  3 iguanas
  18 orc wizards
  5 hell rats (Lair:5)
  A hound skeleton (D:5)
  Robin (D:3)
  5 gnolls
  9 adders
  A river rat (Lair:2)
  2 shadow imps (D:13)
  A white imp (D:8)
  2 ufetubi
  An adder zombie (D:5)
  A worm (D:3)
  2 dart slugs
  91 orcs
  4 endoplasms
  5 giant cockroaches
  20 goblins
  17 hobgoblins
  9 jackals (D:2)
  9 quokkas
  11 ball pythons
  5 bats
  4 frilled lizards
  23 kobolds
  4 rats
  A bush (D:13)
996 creatures vanquished.

Vanquished Creatures (collateral kills)
  Rupert (D:13)
  A tentacled starspawn (Abyss:3)
  A hydra (D:13)
  2 two-headed ogres
  A wretched star (Abyss:3)
  An orc knight (Orc:1)
  3 starcursed masses (Abyss:3)
  An orc warrior (Orc:1)
11 creatures vanquished.

Vanquished Creatures (others)
  A bloated husk (Swamp:4)
  A human (D:12)
  A swamp worm (Swamp:2)
  2 bushes (D:13)
  14 foxfires (Swamp:3)
  42 fungi
  223 plants
  4 starspawn tentacles (Abyss:3)
288 creatures vanquished.

Grand Total: 1295 creatures vanquished

Notes
Turn   | Place    | Note
-------+----------+-------------------------------------------
     0 | D:1      | Kinoniko the Hill Orc Berserker began the quest for the
                  | Orb.
     0 | D:1      | Reached XP level 1. HP: 19/19 MP: 1/1
   247 | D:1      | Reached XP level 2. HP: 25/26 MP: 2/2
   297 | D:1      | Reached skill level 5 in Axes
   760 | D:1      | Reached XP level 3. HP: 25/31 MP: 3/3
  1060 | D:1      | Reached ** piety under Trog
  1889 | D:2      | Reached XP level 4. HP: 37/39 MP: 4/4
  2658 | D:2      | Reached *** piety under Trog
  2991 | D:3      | Reached XP level 5. HP: 42/45 MP: 5/5
  3179 | D:3      | Found a faded altar of an unknown god.
  3266 | D:3      | Noticed Robin
  3283 | D:3      | Killed Robin
  3339 | D:3      | Found a runed translucent door.
  3339 | D:3      | Noticed philipeq's ghost (amateur DsFi)
  3353 | D:3      | Killed philipeq's ghost
  3354 | D:3      | Reached XP level 6. HP: 51/51 MP: 6/6
  3486 | D:3      | Found a white marble altar of Elyvilon.
  3634 | D:4      | Found an iron altar of Okawaru.
  3757 | D:4      | Reached **** piety under Trog
  4420 | D:4      | Found an opulent altar of Gozag.
  4423 | D:4      | Found a hide-covered altar of Uskayaw.
  4427 | D:4      | Found a broken altar of Ashenzari.
  4428 | D:4      | Found a hazy altar of Hepliaklqana.
  4722 | D:4      | Found a staircase to the Ecumenical Temple.
  4767 | D:4      | Found a glowing golden altar of the Shining One.
  4972 | D:5      | Entered Level 5 of the Dungeon
  5049 | D:5      | Reached skill level 10 in Axes
  5049 | D:5      | Reached XP level 7. HP: 57/57 MP: 7/7
  5581 | D:5      | Found Ugoti's Book Shop.
  5939 | D:6      | Reached XP level 8. HP: 64/64 MP: 8/8
  6400 | D:6      | Found a runed translucent gate.
  6401 | D:6      | Found a runed translucent gate.
  6401 | D:6      | Noticed EnegeticOcto's ghost (weakling DDDe)
  6402 | D:6      | Found a runed translucent gate.
  6408 | D:6      | Noticed a kobold demonologist
  7323 | D:7      | Reached XP level 9. HP: 71/71 MP: 9/9
  7328 | D:7      | Reached skill level 4 in Fighting
  7336 | D:7      | Found a radiant altar of Vehumet.
  8030 | D:7      | Reached skill level 5 in Fighting
  8030 | D:7      | Reached skill level 15 in Axes
  8556 | D:8      | Noticed Grum
  8571 | D:8      | Killed Grum
  8572 | D:8      | Reached skill level 6 in Fighting
  8749 | D:8      | Noticed a two-headed ogre
  8750 | D:8      | Noticed Maurice
  8763 | D:8      | Killed a two-headed ogre
  8764 | D:8      | Reached skill level 7 in Fighting
  8764 | D:8      | Reached XP level 10. HP: 27/86 MP: 10/10
  9379 | D:8      | Killed Maurice
  9592 | D:8      | Found an ornate altar of the Wu Jian Council.
  9842 | D:9      | Found a stormy altar of Qazlal.
  9981 | D:9      | Found a staircase to the Lair.
 10218 | D:9      | Found a flagged portal.
 10271 | Bailey   | Entered a bailey
 10416 | Bailey   | Reached skill level 8 in Fighting
 10474 | Bailey   | Found an iron altar of Okawaru.
 10647 | D:9      | Reached ***** piety under Trog
 10776 | D:9      | Found a staircase to the Orcish Mines.
 10796 | D:9      | Reached skill level 9 in Fighting
 11128 | D:10     | Entered Level 10 of the Dungeon
 11269 | D:10     | Identified a scroll of acquirement
 11269 | D:10     | Acquired a manual of Fighting
 11386 | D:10     | Found a sacrificial altar of Ru.
 11397 | D:10     | Noticed Josephine
 11409 | D:10     | Killed Josephine
 11410 | D:10     | Reached skill level 10 in Fighting
 11410 | D:10     | Reached XP level 11. HP: 101/101 MP: 11/11
 11414 | D:10     | Noticed a two-headed ogre
 11417 | D:10     | Reached skill level 11 in Fighting
 11430 | D:10     | Killed a two-headed ogre
 11431 | D:10     | Reached skill level 5 in Armour
 11508 | D:10     | Found a shimmering blue altar of Sif Muna.
 11653 | D:10     | Found Qufefoh's Armour Shoppe.
 11815 | Lair:1   | Entered Level 1 of the Lair of Beasts
 11861 | Lair:1   | Reached skill level 12 in Fighting
 12202 | Lair:1   | Reached skill level 13 in Fighting
 13165 | Lair:2   | Reached skill level 14 in Fighting
 13171 | Lair:2   | Reached skill level 5 in Dodging
 13179 | Lair:2   | Reached XP level 12. HP: 92/118 MP: 12/12
 13333 | Lair:2   | Reached skill level 15 in Fighting
 13464 | Lair:2   | Received a gift from Trog
 13851 | Lair:2   | Found a staircase to the Snake Pit.
 14125 | Lair:2   | Noticed a catoblepas
 14136 | Lair:2   | Killed a catoblepas
 14137 | Lair:2   | Reached skill level 16 in Fighting
 14137 | Lair:2   | Reached skill level 1 in Shields
 14951 | Lair:3   | Found a gate leading to a gauntlet.
 14960 | Gauntlet | Entered a Gauntlet
 14960 | Gauntlet | Found a transporter.
 14961 | Gauntlet | Noticed a death scarab
 15037 | Gauntlet | Found a transporter.
 15040 | Gauntlet | Found a transporter.
 15051 | Gauntlet | Found a transporter.
 15054 | Gauntlet | Found a transporter.
 15073 | Gauntlet | Found a transporter.
 15074 | Gauntlet | Found the amulet of the Air {Inacc Air Fly rElec RMsl}
 15086 | Gauntlet | Found a transporter.
 15097 | Gauntlet | Found a transporter.
 15109 | Gauntlet | Found a transporter.
 15132 | Gauntlet | Found a transporter.
 15143 | Gauntlet | Found a runed translucent gate.
 15144 | Gauntlet | Found a transporter.
 15144 | Gauntlet | Found a runed translucent gate.
 15144 | Gauntlet | Found a transporter.
 15195 | Gauntlet | Found a transporter.
 15210 | Gauntlet | Found a transporter.
 15326 | Gauntlet | Killed a death scarab
 15408 | Gauntlet | Found a runed translucent gate.
 15587 | Gauntlet | Reached skill level 17 in Fighting
 15629 | Gauntlet | Identified the +1 helmet of Uskayaw's Inspiration {Int+4}
 15644 | Gauntlet | Noticed a minotaur
 15656 | Gauntlet | Killed a minotaur
 15657 | Gauntlet | Reached XP level 13. HP: 132/132 MP: 13/13
 15743 | Lair:3   | Reached skill level 5 in Shields
 16778 | Lair:4   | Reached skill level 18 in Fighting
 17344 | Lair:4   | Found a staircase to the Swamp.
 18471 | Lair:5   | Reached XP level 14. HP: 131/144 MP: 14/14
 19721 | Lair:5   | Reached skill level 10 in Armour
 20188 | Lair:6   | Entered Level 6 of the Lair of Beasts
 20498 | Lair:5   | Reached ****** piety under Trog
 21451 | Lair:6   | Received a gift from Trog
 22146 | Lair:6   | Found a viscous altar of Jiyva.
 22146 | Lair:6   | Found a staircase to the Slime Pits.
 22368 | Lair:6   | Reached skill level 19 in Fighting
 22368 | Lair:6   | Reached skill level 1 in Evocations
 22831 | D:11     | Reached XP level 15. HP: 152/152 MP: 10/15
 23226 | D:11     | Found a runed translucent door.
 23250 | D:11     | Found a runed translucent door.
 23266 | D:11     | Found a runed translucent door.
 23425 | D:11     | Found a runed translucent door.
 24299 | D:12     | Found a roughly hewn altar of Beogh.
 24299 | D:12     | Noticed Kirke
 24335 | D:12     | Killed Kirke
 24533 | D:12     | Received a gift from Trog
 24844 | D:12     | Found Wufak's Antique Weapon Boutique.
 25231 | D:13     | Found a gate to the Vaults.
 25553 | D:13     | Reached skill level 10 in Shields
 25560 | D:13     | Reached skill level 5 in Evocations
 25574 | D:13     | Noticed Rupert
 25583 | D:13     | Killed Rupert
 26390 | D:13     | Identified the +8 lajatang "Dunaikes" {vorpal, rElec rPois
                  | rC- Str+4}
 26864 | D:14     | Received a gift from Trog
 27511 | D:14     | Identified the +0 robe of Beogh's Esteem {SInv}
 27548 | D:14     | Noticed Nessos
 27565 | D:14     | Killed Nessos
 27570 | D:14     | Reached XP level 16. HP: 102/162 MP: 7/16
 27933 | D:14     | Reached skill level 20 in Fighting
 27990 | D:14     | Paralysed by a floating eye for 2 turns
 29922 | Orc:1    | Entered Level 1 of the Orcish Mines
 29944 | Orc:1    | Received a gift from Trog
 30294 | Orc:2    | Entered Level 2 of the Orcish Mines
 30294 | Orc:2    | Found Iphiria's Antique Weapon Emporium.
 30659 | Orc:2    | Found Vinymafu's Antique Armour Shop.
 30687 | Orc:2    | Bought a masterwork buckler for 266 gold pieces
 30687 | Orc:2    | Identified the +0 buckler of the Dragon {Will+ Int+4 Dex+2}
                  | (You bought it in a shop on level 2 of the Orcish Mines)
 30687 | Orc:2    | Bought a smelly chain mail for 266 gold pieces
 30687 | Orc:2    | Identified the +11 chain mail of the Jolly Realms {Rampage
                  | rPois Dex+2} (You bought it in a shop on level 2 of the
                  | Orcish Mines)
 31175 | Orc:2    | Found Hyder's General Store.
 31284 | Orc:2    | Found Hafeob's Jewellery Shoppe.
 31359 | Orc:2    | Bought the ring of Yqoefoxu {rC+ Str+4 Int+4} for 536 gold
                  | pieces
 31419 | Orc:2    | Found a roughly hewn altar of Beogh.
 31561 | Orc:2    | Found Uthresa's Jewellery Boutique.
 31568 | Orc:2    | Found a staircase to the Elven Halls.
 31671 | Orc:1    | Found Itecoroimo's Antique Weapon Shoppe.
 31915 | D:15     | Entered Level 15 of the Dungeon
 32236 | D:15     | Reached XP level 17. HP: 67/172 MP: 8/17
 32536 | D:15     | Found a staircase to the Depths.
 32628 | D:15     | Found Weps's Book Shop.
 32791 | D:15     | Received a gift from Trog
 32795 | D:15     | Reached skill level 21 in Fighting
 33271 | D:15     | Acquired 714 gold pieces
 33514 | Snake:1  | Entered Level 1 of the Snake Pit
 33724 | Snake:1  | Reached skill level 10 in Evocations
 33934 | Snake:1  | Found Ynnulad's Antique Weapon Boutique.
 33934 | Snake:1  | Found Xynytt's Magic Scroll Shop.
 33944 | Snake:1  | Bought a scroll of acquirement for 676 gold pieces
 34021 | Snake:1  | Acquired a manual of Axes
 36893 | Snake:3  | Identified the +5 hand axe "Elotz" {flame, rN+} (Trog
                  | gifted it to you on level 3 of the Snake Pit)
 36893 | Snake:3  | Received a gift from Trog
 39840 | Swamp:1  | Entered Level 1 of the Swamp
 39857 | Swamp:1  | Reached XP level 18. HP: 159/184 MP: 9/18
 39862 | Swamp:1  | Received a gift from Trog
 39863 | Swamp:1  | Reached skill level 22 in Fighting
 39863 | Swamp:1  | Reached skill level 10 in Dodging
 40383 | Swamp:1  | Noticed a tentacled monstrosity
 40393 | Swamp:1  | Killed a tentacled monstrosity
 41450 | Swamp:2  | Noticed Frances
 41459 | Swamp:2  | Killed Frances
 42304 | Swamp:3  | Received a gift from Trog
 42613 | Swamp:4  | Entered Level 4 of the Swamp
 42629 | Swamp:4  | Noticed Louise
 42639 | Swamp:4  | Cast into level 3 of the Abyss (Louise)
 42639 | Abyss:3  | Found a transporter.
 42654 | Abyss:3  | Gained mutation: [You are frail. (-10% HP)] [a neqoxec]
 42667 | Abyss:3  | Lost mutation: [You are frail. (-10% HP)] [potion of
                  | mutation]
 42667 | Abyss:3  | Gained mutation: You are robust. (+10% HP) [potion of
                  | mutation]
 42667 | Abyss:3  | Gained mutation: You are strong-willed. (Will+) [potion of
                  | mutation]
 42667 | Abyss:3  | Gained mutation: You are agile. (Dex +2) [potion of
                  | mutation]
 42857 | Abyss:3  | Slain by a tentacled starspawn

Illustrated notes

Levels and vault maps discovered:
D:1:      lightli_molten_gateway, layout_loops_ring, hangedman_decor_slide_cut,
          chequers_serial_rivers_large_a
D:2:      minmay_evil_eye, layout_loops_corners
D:3:      layout_rooms, elyvilon_altar_3, ebering_ecumenical_altar_abandoned,
          ebering_ghost_reflecting_pool, wad_orctagon, uniq_robin
D:4:      layout_loops_corners, minitemple, kennysheep_mini,
          minmay_temple_entry_gardened_gates
D:5:      layout_basic, serial_shops, nicolae_shop_statue_plus
D:6:      layout_rooms, gammafunk_ghost_nasty_kobolds
D:7:      layout_rooms, nicolae_overflow_hidden_temple
D:8:      layout_loops_cross, nzn_wu_jian_council_hall, uniq_grum, uniq_maurice
D:9:      layout_basic, grunt_qazlal_sundering, dpeg_oklobed_lair, erik_orc_1,
          enter_bailey_5
D:10:     layout_rooms, lemuel_doored_altar, general_overflow_altar,
          serial_shops, shop_statue, minmay_door_square, minmay_misc_feat_doors,
          chequers_serial_rivers_small_b, dk_noncrumbling_3, uniq_josephine
D:11:     layout_loops_ring, serial_aquarium, aquarium_bridge_long_separate
          [aquarium_subvault_bridge, aquarium_subvault_wall,
          aquarium_subvault_wall, aquarium_subvault_window,
          aquarium_subvault_bridge, aquarium_subvault_bridge],
          aquarium_window_corridor_1, aquarium_window_1, aquarium_window_fake,
          aquarium_view_4, aquarium_pool_split, minmay_statue_crystal_thing
D:12:     layout_roguey [special_room_orc], serial_shops, shop_statue,
          uniq_kirke
D:13:     kennysheep_kobold_grotto, layout_long_grid,
          lightli_vaults_fourway_checkpoint, uniq_rupert
D:14:     minmay_the_grid_triangle_9x9_rhombus_full_mashed
          [minmay_the_grid_triangle_9x9_flanged_cone,
          minmay_the_grid_triangle_9x9_stretched_checkered,
          minmay_the_grid_triangle_9x9_negative_grid,
          minmay_the_grid_triangle_9x9_semitri,
          minmay_the_grid_triangle_9x9_zippers_vertical,
          minmay_the_grid_triangle_9x9_longest,
          minmay_the_grid_triangle_9x9_corruption,
          minmay_the_grid_triangle_9x9_prize_top_heavy], layout_loops_corners,
          kennysheep_decorative_pillar, minivault_7, uniq_nessos
D:15:     gammafunk_enter_depths_forms, layout_stronghold, serial_shops,
          nicolae_shop_stone
Lair:1:   layout_chaotic_city, serial_bayou_crossing, serial_bayou_shore_b,
          serial_bayou_shore_a, serial_bayou_shore_b
Lair:2:   layout_cave_shapes, guppyfry_snake_entry_garden, pond
Lair:3:   layout_regular_city, gauntlet_entry_generic
Lair:4:   beast_lair_carwin_large_1, layout_long_grid, minmay_swamp_entry_eels
Lair:5:   layout_regular_city, minmay_lair_oklob_chamber
Lair:6:   minmay_lair_end_frog_pond, layout_regular_city, slime_altar_1,
          minivault_24, nicolae_quartered_pool_medium
Swamp:1:  layout_basic_swamp, serial_swamp_ruin, evilmike_swamp_ruin_house_5,
          evilmike_swamp_ruin_rubble_2, evilmike_swamp_ruin_house_2
Swamp:2:  layout_falls_marsh, nicolae_swamp_small_spring, uniq_frances
Swamp:3:  layout_falls_marsh, hangedman_swamp_ruin_hall, swamp_pool5
Swamp:4:  swamp_pestilence, layout_basic_swamp, uniq_donald, uniq_louise
Snake:1:  layout_onion, nicolae_snake_salamander_zone, minmay_shoptagon
Snake:2:  layout_onion
Snake:3:  layout_honeycomb, serial_bayou_pond_b,
          nicolae_snake_snakes_in_the_grass
Orc:1:    layout_diamond_mine, serial_shops, nicolae_shop_trees
Orc:2:    grunt_orc_gardens, layout_diamond_mine, grunt_orc_garden,
          grunt_orc_garden, grunt_orc_garden, grunt_orc_garden, basic_altar,
          serial_shops, shop_statue
Abyss:3:  base: D:3, gammafunk_abyss_rune_reverse_zot, evilmike_abyss_exit_11

Skill      XL: |  1  2  3  4  5  6  7  8  9 10 11 12 13 14 15 16 17 18 |
---------------+-------------------------------------------------------+-----
Axes           | 5 6 7 8 10 11 14 16 17 18 19 20 | 20.4
Fighting       | 7 10 14 17 18 19 20 21 22 | 22.6
Dodging        | 3 5 6 7 8 9 10 | 10.0
Armour         | 4 6 8 9 10 11 12 13 14 | 14.0
Shields        | 4 7 9 10 11 | 11.5
Evocations     | 1 6 9 10 11 | 11.4

Action                   |  1- 3 |  4- 6 |  7- 9 | 10-12 | 13-15 | 16-18 || total
-------------------------+-------+-------+-------+-------+-------+-------++-------
Melee: Hand axe          |   142 |   204 |       |       |       |       ||   346
       Broad axe         |       |    28 |   222 |   488 |  1075 |  1391 ||  3204
Invok: Berserk           |       |     4 |    12 |    17 |    29 |    32 ||    94
       Brothers in Arms  |       |       |     1 |       |     3 |     2 ||     6
  Use: Scroll            |       |     7 |     1 |    14 |    15 |     7 ||    44
       Potion            |       |       |     1 |       |     1 |     4 ||     6
 Stab: Distracted        |       |       |       |       |       |     7 ||     7
       Confused          |       |       |       |       |       |     1 ||     1
Armor: Animal skin       |    13 |       |       |       |       |       ||    13
       Ring mail         |    42 |    69 |    18 |       |       |       ||   129
       Scale mail        |       |       |    77 |    58 |       |       ||   135
       Crystal plate arm |       |       |       |   261 |   863 |   145 ||  1269
       Chain mail        |       |       |       |       |       |   481 ||   481
Dodge: Dodged            |    83 |   135 |   114 |   126 |   386 |   512 ||  1356
Block: Buckler           |       |       |       |    17 |   348 |   303 ||   668

Table legend: (Time is in decaauts)
 A = Elapsed time spent in this place.
 B = Non-inter-level travel time spent in this place.
 C = Inter-level travel time spent in this place.
 D = Time resting spent in this place.
 E = Time spent auto-exploring this place.
 F = Levels seen in this place.
 G = Mean time per level.
                   A        B        C        D        E       F      G
               +--------+--------+--------+--------+--------+-----+--------+
         Total |  42836 |  41155 |   1681 |  13160 |  22336 |  33 | 1298.1 |
       Dungeon |  20516 |  19488 |   1028 |   5424 |  11427 |  15 | 1367.7 |
          Lair |  10449 |  10066 |    383 |   3664 |   5165 |   6 | 1741.5 |
         Swamp |   2527 |   2476 |     51 |    323 |   1842 |   4 |  631.8 |
     Snake Pit |   6176 |   6049 |    127 |   2502 |   2880 |   3 | 2058.7 |
  Orcish Mines |   1862 |   1772 |     90 |    644 |    743 |   2 |  931.0 |
         Abyss |    226 |    226 |      0 |     90 |      0 |   1 |  226.0 |
        Bailey |    267 |    267 |      0 |    157 |     32 |   1 |  267.0 |
      Gauntlet |    809 |    809 |      0 |    353 |    247 |   1 |  809.0 |
               +--------+--------+--------+--------+--------+-----+--------+

Top non-repeatable levels by time:
    D:14: 2961 daAuts
  Lair:5: 2860 daAuts
 Snake:3: 2363 daAuts
 Snake:1: 2155 daAuts
  Lair:4: 1902 daAuts
  Lair:2: 1855 daAuts
    D:13: 1733 daAuts
 Snake:2: 1657 daAuts
     D:1: 1640 daAuts
  Lair:6: 1487 daAuts
    D:11: 1446 daAuts
     D:6: 1404 daAuts
    D:15: 1399 daAuts
     D:4: 1347 daAuts
  Lair:1: 1300 daAuts
